 Dungeon Sprint DCSS version 0.21.2 (webtiles) character file.

10911 Fang the Severer (level 11, -7/124 HPs)
             Began as a Gargoyle Berserker on Dec 21, 2018.
             Was the Champion of Trog.
             Shot with an arrow by a deep elf master archer (31 damage)
             ... in the Dungeon (Sprint VII: "The Pits") on Jan 2, 2019.
             The game lasted 00:08:07 (3406 turns).

Fang the Severer (Gargoyle Berserker)               Turns: 3406, Time: 00:08:08

Health: -7/124     AC: 21    Str: 29    XL:     11   Next: 69%
Magic:  7/11       EV: 13    Int:  8    God:    Trog [******]
Gold:   24         SH:  0    Dex: 15    Spells: 10/10 levels left

rFire    . . .     SeeInvis .   o - +6 battleaxe (flame)
rCold    . . .     Gourm    .   (shield currently unavailable)
rNeg     + . .     Faith    .   n - +2 plate armour
rPois    ∞         Spirit   .   (no helmet)
rElec    +         Reflect  .   (no cloak)
rCorr    .         Harm     .   (no gloves)
MR       .....     NoTele   +   (no boots)
Stlth    ..........             (no amulet)
HPRegen  0.30/turn              p - +3 ring of dexterity
MPRegen  0.12/turn              t - +3 ring of dexterity

@: berserking, very quick
A: repulsion field 1, rugged brown scales 1, deformed body, negative energy
resistance 1, electricity resistance, unbreathing, petrification resistance, rot
immunity, AC +8
a: Berserk, Trog's Hand, Brothers in Arms, Burn Spellbooks, Renounce Religion


You were in the Dungeon.
You worshipped Trog.
Trog was exalted by your worship.
You were not hungry.

You visited 1 branch You collected 24 gold pieces.

Inventory:

Hand Weapons
 b - a +3 battleaxe of chopping
 j - a +9 antimagic battleaxe
 m - a +2 hand axe of chopping
 o - a +6 battleaxe of flaming (weapon)
 q - a +2 antimagic executioner's axe
 u - a +2 battleaxe of freezing
 w - a +5 battleaxe of venom
 x - a +7 battleaxe of freezing
Armour
 n - a +2 plate armour (worn)
Jewellery
 p - a +3 ring of dexterity (left hand)
 t - a +3 ring of dexterity (right hand)
 y - an uncursed ring of protection from fire
Wands
 A - a wand of iceblast (6)
Scrolls
 i - 3 scrolls of blinking
 k - 3 scrolls of remove curse
 l - a scroll of summoning
 z - 3 scrolls of identify
 B - 2 scrolls of enchant weapon
 C - 2 scrolls of enchant armour
 D - a scroll of fear
 E - a scroll of fog
Potions
 a - 2 potions of invisibility
 d - 8 potions of curing
 e - 10 potions of heal wounds
 f - a potion of haste
 g - 4 potions of magic
 h - 7 potions of berserk rage
 r - 2 potions of agility
 s - 4 potions of might
Comestibles
 c - 7 rations
 v - 2 chunks of flesh


   Skills:
 + Level 15.2 Fighting
 + Level 18.2 Axes
 + Level 13.1 Armour
 + Level 5.1 Dodging
 + Level 2.1 Stealth


You had 10 spell levels left.
You didn't know any spells.

Dungeon Overview and Level Annotations

Branches:
Dungeon (1/1)

Altars:


Innate Abilities, Weirdness & Mutations

You are resistant to torment.
Your stone body is resilient. (AC +8)
You are immune to poison.
You resist negative energy. (rN+)
You are resistant to electric shocks. (rElec)
You can survive without breathing.
You are immune to petrification.
You are immune to rotting.
You are surrounded by a mild repulsion field. (EV +2)
You are partially covered in rugged brown scales. (AC +1, +3% HP)
Armour fits poorly on your strangely shaped body.


Message History

an arrow; a giant club x2; a two-headed ogre corpse Unknown command.
You are too injured to fight recklessly!
You are too injured to fight recklessly!
Unknown command.
A red film seems to cover your vision as you go berserk!
You feel yourself moving faster!
You feel mighty!
You feel a lot more hungry.
The deep elf master archer shoots an arrow.
The arrow hits you.
The deep elf master archer shoots an arrow.
The arrow hits you!
* * * LOW HITPOINT WARNING * * *
You slash the deep elf master archer! You burn the deep elf master archer.
The deep elf master archer is lightly wounded.
Unknown command.
You slash the deep elf master archer! You burn the deep elf master archer.
The deep elf master archer is moderately wounded.
The deep elf master archer shoots an arrow.
The arrow hits you!!
You die...

#################+#
...÷..............#
...†...........((.#
++##############@.#
#e.# #..# #G.# #..#
#..# #..# #..#


You could see a deep elf master archer and an eye of draining.

Vanquished Creatures
  A two-headed ogre (D)
  2 shadow wraiths (D)
  2 deep trolls (D)
  A cyclops (D)
  A molten gargoyle (D)
  A smoke demon (D)
  A kobold demonologist (D)
  A hellwing (D)
  An ice devil (D)
  A jumping spider (D)
  A red devil (D)
  A troll (D)
  A hornet (D)
  4 dream sheep (D)
  A flying skull (D)
  A shadow (D)
  A spriggan (D)
  A wyvern (D)
  A small abomination (D)
  4 yaks (D)
  A steam dragon (D)
  A neqoxec (D)
  Menkaure (D)
  2 wargs (D)
  A floating eye (D)
  An ice beast (D)
  A necrophage (D)
  An ogre (D)
  A phantom (D)
  An earth elemental (D)
  A scorpion (D)
  6 killer bees (D)
  A crimson imp (D)
  A jelly (D)
  An orc wizard (D)
  An iguana (D)
  Ijyb (D)
  2 worker ants (D)
  A hell rat (D)
  2 gnolls (D)
  An ufetubus (D)
  An adder skeleton (D)
  A worm (D)
  7 orcs (D)
  A goblin (D)
  3 jackals (D)
  A kobold (D)
  A frilled lizard (D)
  A giant cockroach zombie (D)
  A jackal skeleton (D)
74 creatures vanquished.

Vanquished Creatures (collateral kills)
  Erica (D)
  Sonja (D)
  An orc knight (D)
  A rime drake (D)
  An ice devil (D)
  An efreet (D)
  A polar bear (D)
  A hornet (D)
  A snapping turtle (D)
  2 orc warriors (D)
  A scorpion (D)
  5 killer bees (D)
  A gnoll (D)
  A river rat (D)
  An adder simulacrum (D)
  An orc (D)
  A quokka (D)
22 creatures vanquished.

Grand Total: 96 creatures vanquished

Notes
Turn   | Place    | Note
-------+----------+-------------------------------------------
     0 | D        | Fang the Gargoyle Berserker began the quest for the Orb.
     0 | D        | Reached XP level 1. HP: 14/14 MP: 1/1
    53 | D        | Noticed a floating eye
    57 | D        | Killed a floating eye
    57 | D        | Reached skill level 5 in Axes
    57 | D        | Reached XP level 2. HP: 23/23 MP: 2/2
    57 | D        | Reached XP level 3. HP: 28/28 MP: 3/3
    57 | D        | Reached XP level 4. HP: 32/32 MP: 4/4
    62 | D        | Reached ** piety under Trog
    62 | D        | Reached skill level 6 in Axes
    75 | D        | Reached *** piety under Trog
    75 | D        | Reached XP level 5. HP: 35/38 MP: 5/5
   135 | D        | Reached **** piety under Trog
   142 | D        | Reached skill level 7 in Axes
   169 | D        | Noticed a necrophage
   170 | D        | Noticed an ice beast
   178 | D        | Reached ***** piety under Trog
   180 | D        | Killed a necrophage
   180 | D        | Reached skill level 8 in Axes
   180 | D        | Reached XP level 6. HP: 46/46 MP: 6/6
   186 | D        | Received a gift from Trog
   199 | D        | Killed an ice beast
   199 | D        | Reached skill level 9 in Axes
   199 | D        | Reached skill level 5 in Armour
   203 | D        | Received a gift from Trog
   410 | D        | Noticed a warg
   422 | D        | Killed a warg
   422 | D        | Reached XP level 7. HP: 43/52 MP: 2/7
   473 | D        | Noticed a wyvern
   475 | D        | Killed a wyvern
   475 | D        | Reached skill level 10 in Fighting
   475 | D        | Reached skill level 10 in Axes
   478 | D        | Noticed Ijyb
   478 | D        | Noticed Menkaure
   481 | D        | Killed Menkaure
   481 | D        | Reached skill level 11 in Axes
   489 | D        | Killed Ijyb
   505 | D        | Noticed a small abomination
   505 | D        | Noticed a troll
   512 | D        | Killed a small abomination
   512 | D        | Received a gift from Trog
   512 | D        | Reached XP level 8. HP: 27/59 MP: 2/8
   514 | D        | Killed a troll
   514 | D        | Reached skill level 12 in Axes
   781 | D        | Gained mutation: You are surrounded by a mild repulsion field. (EV +2) [potion of mutation]
   781 | D        | Gained mutation: You are partially covered in rugged brown scales. (AC +1, +3% HP) [potion of mutation]
   860 | D        | Noticed a flying skull
   860 | D        | Noticed a deep troll
   867 | D        | Killed a flying skull
   868 | D        | Killed a deep troll
   868 | D        | Reached skill level 13 in Axes
   868 | D        | Reached XP level 9. HP: 44/66 MP: 3/9
   871 | D        | Reached ****** piety under Trog
   993 | D        | Noticed a polar bear
   993 | D        | Noticed a rime drake
   993 | D        | Noticed an efreet
   997 | D        | Killed a polar bear
   997 | D        | HP: 3/66 [efreet/scimitar of flaming (1)]
   999 | D        | Killed an efreet
  1000 | D        | Killed a rime drake
  1000 | D        | Received a gift from Trog
  1000 | D        | Reached skill level 5 in Dodging
  1170 | D        | Noticed an ice devil
  1170 | D        | Noticed a hornet
  1175 | D        | Reached skill level 14 in Axes
  1179 | D        | Killed a hornet
  1183 | D        | Killed an ice devil
  1465 | D        | Noticed a hellwing
  1472 | D        | Killed a hellwing
  1474 | D        | Reached XP level 10. HP: 56/74 MP: 3/10
  1565 | D        | Received a gift from Trog
  1574 | D        | Reached skill level 10 in Armour
  1625 | D        | Reached skill level 15 in Axes
  1625 | D        | Reached skill level 1 in Stealth
  1774 | D        | Noticed a cyclops
  1780 | D        | Killed a cyclops
  1784 | D        | Received a gift from Trog
  1950 | D        | Gained mutation: Armour fits poorly on your strangely shaped body. [a neqoxec]
  1956 | D        | Killed a shadow wraith
  1956 | D        | Reached skill level 16 in Axes
  2253 | D        | Noticed Sonja
  2255 | D        | Noticed Erica
  2256 | D        | Received a gift from Trog
  2263 | D        | Killed Sonja
  2265 | D        | Noticed an orc knight
  2267 | D        | Received a gift from Trog
  2272 | D        | Reached XP level 11. HP: 82/82 MP: 3/11
  2282 | D        | Killed Erica
  2282 | D        | Received a gift from Trog
  2289 | D        | Killed an orc knight
  2289 | D        | Reached skill level 17 in Axes
  2788 | D        | Received a gift from Trog
  2942 | D        | Received a gift from Trog
  2943 | D        | Killed a shadow wraith
  3184 | D        | Noticed a deep troll
  3196 | D        | Killed a deep troll
  3196 | D        | Reached skill level 15 in Fighting
  3196 | D        | Reached skill level 18 in Axes
  3199 | D        | Received a gift from Trog
  3398 | D        | Noticed a two-headed ogre
  3398 | D        | Noticed a deep elf master archer
  3402 | D        | Killed a two-headed ogre
  3406 | D        | Shot with an arrow by a deep elf master archer

Skill      XL: |  1  2  3  4  5  6  7  8  9 10 11 |
---------------+----------------------------------+-----
Fighting       | 6 7 9 10 11 12 14 15 | 15.2
Axes           | 5 6 8 9 11 13 14 16 18 | 18.2
Armour         | 3 4 5 6 8 9 11 13 | 13.1
Dodging        | 2 3 4 5 |  5.1
Stealth        | 1 2 |  2.1

Action                   |  1- 3 |  4- 6 |  7- 9 | 10-12 || total
-------------------------+-------+-------+-------+-------++-------
Melee: Hand axe          |     8 |    61 |       |       ||    69
       War axe           |       |    12 |    30 |       ||    42
       Executioner's axe |       |       |    28 |    47 ||    75
       Battleaxe         |       |       |       |    60 ||    60
Invok: Berserk           |       |     1 |     2 |     3 ||     6
       Brothers in Arms  |       |       |     1 |     3 ||     4
  Use: Potion            |       |       |     2 |     1 ||     3
  Eat: Chunk             |       |       |     4 |     4 ||     8
       Ration            |       |       |       |     2 ||     2
Armor: Animal skin       |     4 |     8 |       |       ||    12
       Plate armour      |       |    29 |    55 |   101 ||   185
Dodge: Dodged            |     1 |    20 |    42 |    93 ||   156
